 Seeded DCSS version 0.29-a0-409-gd843f3a48c (webtiles) character file.

Game seed: 17930253926559947122 (custom seed)

59 zeratav the Digger (level 4, -6/27 HPs)
             Began as an Octopode Earth Elementalist on May 14, 2022.
             Mangled by a gnoll
             ... wielding a +2 whip of electrocution
              (17 damage)
             ... on level 2 of the Dungeon.
             The game lasted 00:02:39 (2014 turns).

zeratav the Digger (Octopode Earth Elementalist)    Turns: 2014, Time: 00:02:39

Health: -6/27      AC:  1    Str:  7    XL:     4   Next: 3%
Magic:  8/8        EV: 13    Int: 19    God:
Gold:   12         SH:  0    Dex: 12    Spells: 7/8 levels left

rFire   . . .      SeeInvis .   e - +0 short sword {short}
rCold   . . .      Faith    .   (no shield)
rNeg    . . .      Spirit   .   (helmet restricted)
rPois   .          Reflect  .   (no amulet)
rElec   .          Harm     .   (no ring)
rCorr   .          Rampage  .   (no ring)
Will    .....                   (no ring)
Stlth   +++.......              (no ring)
HPRegen 0.09/turn               (no ring)
MPRegen 0.11/turn               (no ring)
                                (no ring)
                                (no ring)

@: no status effects
A: almost no armour, amphibious, 8 rings, camouflage 1, gelatinous body 1,
(nimble swimmer 1), tentacles
a: no special abilities


You were on level 2 of the Dungeon.
You visited 1 branch of the dungeon, and saw 2 of its levels.

You collected 12 gold pieces.


Innate Abilities, Weirdness & Mutations

You cannot wear most types of armour.
You are amphibious.
You can wear up to eight rings at the same time.
Your skin changes colour to match your surroundings (Stealth+).
Your rubbery body absorbs attacks. (AC +1, EV +1)
((You are camouflaged when in or above water. (Stealth+)))
You have tentacles for arms and can constrict up to eight enemies at once.


   Skills:
 - Level 2.0 Dodging
 - Level 2.6 Stealth
 + Level 2.7 Spellcasting
 - Level 1.0 Transmutations
 * Level 4.2 Earth Magic


You had 7 spell levels left.
You knew the following spells:

 Your Spells              Type           Power      Damage    Failure   Level
a - Sandblast             Erth           36%        2d10      2%          1

Your spell library contained the following spells:

 Spells                   Type           Power      Damage    Failure   Level
 Passwall                 Tmut/Erth      10%        N/A       8%          2
 Animate Skeleton         Necr           4%         N/A       16%         1
 Pain                     Necr           8%         1d4       16%         1
 Stone Arrow              Conj/Erth      20%        3d8       21%         3
 Vampiric Draining        Necr           2%         2d6       43%         3
 Petrify                  Tmut/Erth      12%        N/A       45%         4

Inventory:

Hand Weapons
 e - a +0 short sword (weapon) {short}
   (You took it off a kobold on level 1 of the Dungeon)
Missiles
 a - 121 stones {throwing}
Jewellery
 g - an amulet of the acrobat
   (You found it on level 1 of the Dungeon)
Scrolls
 d - a scroll of noise {unknown}
 f - a scroll of enchant armour {unknown}
 h - a scroll of enchant weapon {unknown}
 k - a scroll of brand weapon {unknown}
 m - a scroll of identify {unknown}
Potions
 b - a potion of magic
 c - 2 potions of curing {unknown}
 i - a potion of berserk rage {unknown}
 j - 2 potions of brilliance {unknown}
 l - 2 potions of cancellation {unknown}

Dungeon Overview and Level Annotations

Branches:
Dungeon (2/15)

Altars:

Shops:
D:2

= ... ... ..... ##..#
....######
#......[########
#..#g.#.........
...####.##@..########
.........###.....##
#...........######
#.########........
#.## #.#######
##..#######....#
#.........####.#######
#.....∩...# #.(g..g..
#.........# #########


You could see a gnoll.


Message History

No target in view!
No target in view!
No target in view!
No target in view!
No target in view!
No target in view!
No target in view!
You now have 12 gold pieces.
You see here a +0 mace {mace}.
Found Biewk's Jewellery Boutique.
m - a scroll labelled BOWEDYRASO No target in view!
There is an entrance to Biewk's Jewellery Boutique here.
You can access your shopping list by pressing '$'.
a - 127 stones {throwing} (gained 9)
Found a stone staircase leading up.
A gnoll comes into view. It is wielding a +0 spear.
A gnoll comes into view. It is wielding a +0 flail.
A gnoll comes into view. It is wielding a +0 club.
The blast of sand hits the gnoll!
The gnoll closely misses you.
MP[-1]
You lost 1 mp, and now have 5/6 mp.
The blast of sand hits the gnoll but does no damage.
The gnoll shouts!
You hear a shout!
The gnoll hits you from afar with a +0 spear.
HP[-4] MP[-1]
You take 4 damage, and now have 17/21 hp.
You lost 1 mp, and now have 4/6 mp.
The blast of sand hits the gnoll.
The gnoll hits you from afar with a +0 spear.
HP[-3] MP[-1]
You take 3 damage, and now have 14/21 hp.
You lost 1 mp, and now have 3/6 mp.
You are too injured to fight recklessly!
You are too injured to fight recklessly!
You are too injured to fight recklessly!
Casting: Sandblast (safe; 3% risk of failure)
Confirm with . or Enter, or press ? or * to list all spells.
Aiming: Sandblast (safe; 3% risk of failure)
Press: ? - help, Shift-Dir - straight line, f/p - gnoll
Aim: a gnoll, wielding a +0 spear (almost dead, 82% to hit)
The blast of sand hits the gnoll!
You kill the gnoll!
Your Earth Magic skill increases to level 4!
MP[-1]
You lost 1 mp, and now have 2/6 mp.
Casting: Sandblast (safe; 3% risk of failure)
Confirm with . or Enter, or press ? or * to list all spells.
Aiming: Sandblast (safe; 3% risk of failure)
Press: ? - help, Shift-Dir - straight line, f - gnoll
Aim: a gnoll, wielding a +0 flail (82% to hit)
The blast of sand hits the gnoll!
You kill the gnoll!
MP[-1]
You lost 1 mp, and now have 1/6 mp.
You start resting.
A gnoll is nearby!
A gnoll comes into view.
It is wielding a +2 whip of electrocution.
Casting: Sandblast (safe; 3% risk of failure)
Confirm with . or Enter, or press ? or * to list all spells.
Aiming: Sandblast (safe; 3% risk of failure)
Press: ? - help, Shift-Dir - straight line, f - gnoll
Aim: a gnoll, wielding a +0 club (82% to hit)
The blast of sand hits the gnoll!
You hit the gnoll. You grab the gnoll. You squeeze the gnoll.
You constrict the gnoll, but do no damage.
The gnoll hits you with a +0 club.
* * * LOW HITPOINT WARNING * * *
HP[-6]
You take 6 damage, and now have 8/21 hp.
MASSIVE DAMAGE!! (PAUSE)
You hit the gnoll.
You kill the gnoll!
You have reached level 4!
HP[+3]
You now have 27 max hp (+6).
You regained 3 hp, and now have 11/27 hp.
The gnoll throws a throwing net.
The throwing net barely misses you.
You see here a throwing net {=fthrowing}.
HP[+1] MP[+1] MP[+1] HP[+1]
There is a stone staircase leading up here.
You climb upwards.
There is a stone staircase leading down here.
You start resting.
HP[+3] MP[+5]
You regained 3 hp, and now have 16/27 hp.
Your mp is fully restored (8).
You start resting.
HP[+11]
Your hp is fully restored (27).
You climb downwards.
The gnoll hits you with a +2 whip of electrocution.
You are electrocuted!
The gnoll hits you with a +2 whip of electrocution.
* * * LOW HITPOINT WARNING * * *
You are electrocuted!
Ouch! That really hurt!
You die...

Skill      XL: |  1  2  3 |
---------------+----------+-----
Earth Magic    | 4 |  4.2
Dodging        | |  2.0
Stealth        | |  2.6
Spellcasting   | |  2.7
Transmutations | |  1.0

Action                   |  1- 3 |  4- 6 || total
-------------------------+-------+-------++-------
Melee: Short sword       |    36 |       ||    36
       Tentacles         |     8 |       ||     8
       Constrict         |    10 |       ||    10
       Club              |     1 |       ||     1
       Punch             |     1 |       ||     1
 Cast: Sandblast         |    18 |       ||    18
 Stab: Distracted        |     1 |       ||     1
       Sleeping          |     3 |       ||     3
Armor: Skin              |     2 |       ||     2
Dodge: Dodged            |    20 |     1 ||    21

Levels and vault maps discovered:
D:1:      dpeg_arrival_yet_another_circle, layout_basic, serial_rivers,
          chequers_serial_rivers_small_b, chequers_serial_rivers_large_b,
          chequers_serial_rivers_micro_b, chequers_serial_rivers_room_b,
          chequers_serial_rivers_micro_c, chequers_serial_rivers_large_a,
          chequers_ecumenical_altar_lobes
D:2:      layout_rooms, serial_shops, shop

Notes
Turn   | Place    | Note
-------+----------+-------------------------------------------
     0 | D:1      | zeratav the Octopode Earth Elementalist began the quest for
                  | the Orb.
     0 | D:1      | Reached XP level 1. HP: 11/11 MP: 3/3
     0 | D:1      | magus.rc [v1.9.6]
   433 | D:1      | Reached XP level 2. HP: 17/17 MP: 5/5
  1035 | D:1      | Found a faded altar of an unknown god.
  1154 | D:1      | Reached XP level 3. HP: 16/21 MP: 6/6
  1560 | D:1      | You pick up a book of Necromancy and begin reading...
  1560 | D:1      | You add the spells Pain, Animate Skeleton and Vampiric
                  | Draining to your library.
  1780 | D:2      | Found Biewk's Jewellery Boutique.
  1832 | D:2      | Reached skill level 4 in Earth Magic
  1840 | D:2      | Reached XP level 4. HP: 11/27 MP: 1/8
  2014 | D:2      | Mangled by a gnoll

Vanquished Creatures
  3 gnolls (D:2)
  2 dart slugs (D:1)
  An endoplasm (D:1)
  A giant cockroach (D:1)
  3 goblins
  3 hobgoblins (D:1)
  6 kobolds
  A quokka (D:2)
  2 bats (D:1)
  2 frilled lizards (D:1)
  5 rats (D:1)
29 creatures vanquished.

Table legend:
 A = Non-vault XP
 B = Vault XP
 C = Vault XP percentage of total XP
 D = Non-vault monster count
 E = Vault monster count
 F = Vault count percentage of total count
                 A         B        C        D         E       F
            +---------+---------+-------+---------+---------+-------
      Total |      85 |       0 |   0.0 |      29 |       0 |   0.0
            +---------+---------+-------+---------+---------+-------
        D:1 |      39 |       0 |   0.0 |      23 |       0 |   0.0
        D:2 |      46 |       0 |   0.0 |       6 |       0 |   0.0
            +---------+---------+-------+---------+---------+-------

Illustrated notes

Table legend:
 A = Kills in this place as a percentage of kills in entire the game.
 B = Kills by you in this place as a percentage of kills by you in the entire game.
 C = Kills by friends in this place as a percentage of kills by friends in the entire game.
 D = Other kills in this place as a percentage of other kills in the entire game.
 E = Experience gained in this place as a percentage of experience gained in the entire game.
 F = Experience gained in this place divided by the number of levels of this place that you have seen.
                   A       B       C       D       E      F
               +-------+-------+-------+-------+-------+----------------------
         Total | 100.0 | 100.0 |   N/A |   N/A | 100.0 |  42.5
       Dungeon | 100.0 | 100.0 |   N/A |   N/A | 100.0 |  42.5
               +-------+-------+-------+-------+-------+----------------------

Table legend: (Time is in decaauts)
 A = Elapsed time spent in this place.
 B = Non-inter-level travel time spent in this place.
 C = Inter-level travel time spent in this place.
 D = Time resting spent in this place.
 E = Time spent auto-exploring this place.
 F = Levels seen in this place.
 G = Mean time per level.
                   A        B        C        D        E       F      G
               +--------+--------+--------+--------+--------+-----+--------+
         Total |   2017 |   1972 |     45 |    432 |   1308 |   2 | 1008.5 |
       Dungeon |   2017 |   1972 |     45 |    432 |   1308 |   2 | 1008.5 |
               +--------+--------+--------+--------+--------+-----+--------+

Top non-repeatable levels by time:
     D:1: 1807 daAuts
     D:2: 209 daAuts
